 Dungeon Crawl Stone Soup version 0.19-a0-1201-gda63bca (webtiles) character file.

737 mopl the Basher (level 7, 0/76 HPs)
             Began as an Ogre Gladiator on Aug 20, 2016.
             Slain by a gnoll
             ... wielding a +0 whip
              (6 damage)
             ... on level 4 of the Dungeon.
             The game lasted 00:12:49 (5255 turns).

mopl the Basher (Ogre Gladiator)                    Turns: 5255, Time: 00:12:50

Health: 0/76       AC:  3    Str: 21    XL:     7   Next: 74%
Magic:  7/7        EV: 10    Int:  7    God:
Gold:   251        SH:  0    Dex: 12    Spells: 0 memorised, 6 levels left

rFire  + . .     SeeInvis .     a - +0 flail
rCold  . . .     Gourm    .     b - +0 robe
rNeg   . . .     Faith    .     (no shield)
rPois  .         Spirit   .     c - +0 hat
rElec  .         Dismiss  .     (no cloak)
rCorr  .         Reflect  .     (gloves unavailable)
MR     .....     Harm     .     (boots unavailable)
Stlth  ..........               t - amulet of regeneration
                                i - ring of loudness (curse)
                                v - ring of protection from fire

@: no status effects
A: unfitting armour, talons 1, tough skin 1
a: no special abilities


You were on level 4 of the Dungeon.
You were not hungry.

You visited 1 branch of the dungeon, and saw 5 of its levels.
You also visited: Ossuary.

You collected 251 gold pieces.

Inventory:

Hand Weapons
 a - a +0 flail (weapon)
 l - a +0 whip
Missiles
 w - 17 poisoned needles
Armour
 b - a +0 robe (worn)
 c - a +0 hat (worn)
 d - a +0 large shield
Jewellery
 i - a cursed ring of loudness (right hand)
 k - an uncursed ring of resist corrosion
 t - an amulet of regeneration (around neck)
 v - a ring of protection from fire (left hand)
Wands
 y - a wand of hasting (0/9)
Scrolls
 j - a scroll of random uselessness {unknown}
 m - 3 scrolls of fear {unknown}
 n - 2 scrolls of immolation {unknown}
 o - 4 scrolls of blinking
 s - a scroll of teleportation {unknown}
 u - a scroll of magic mapping {unknown}
 x - 2 scrolls of remove curse {unknown}
 z - a scroll of amnesia {unknown}
 A - a scroll of enchant weapon {unknown}
 F - 2 scrolls of enchant armour {unknown}
Potions
 e - 3 potions of heal wounds
 g - 2 potions of ambrosia
 h - a potion of resistance
 p - 7 potions of curing
 q - 3 potions of brilliance
 r - 3 potions of berserk rage {unknown}
 B - 2 potions of might
 C - a potion of haste
 D - a potion of flight {unknown}
Books
 E - a Necronomicon

   Spells                             Type                      Level
   a - Haunt                          Necromancy/Summoning         7
   b - Borgnjor's Revivification      Necromancy                   8
   c - Death's Door                   Charms/Necromancy            8
   d - Infestation                    Necromancy                   8
   e - Necromutation                  Transmutation/Necromancy     8
Comestibles
 f - 2 bread rations
 G - a meat ration
 H - 2 chunks of flesh


   Skills:
 + Level 6.5 Fighting
 * Level 9.8 Maces & Flails
 - Level 2.0 Throwing
 - Level 2.6 Dodging


You had 6 spell levels left.
You didn't know any spells.

Dungeon Overview and Level Annotations

Branches:
Dungeon (5/15)
 Temple: D:4-7

Altars:
Ashenzari
Fedhas
Xom
The Shining One

Annotations:
D:3 exclusion: oklob plant
D:4 bb, kosy22's ghost, amateur NaTm
D:5 Eustachio


Innate Abilities, Weirdness & Mutations

You are too large for most types of armour.
You have tough skin. (AC +1)
You have sharp toenails.


Message History

The gnoll hits you with a whip. The gnoll barely misses you.
The gnoll hits you from afar with a spear.
The gnoll shouts!
The gnoll barely misses you. The gnoll barely misses you.
Some of the chunks of flesh in your inventory have rotted away.
The gnoll barely misses you. The gnoll hits you with a whip!
The gnoll hits you with a spear! The gnoll hits you with a halberd!
The gnoll hits you from afar with a spear!
The gnoll hits you with a spear.
The gnoll hits you from afar with a halberd.
* * * LOW HITPOINT WARNING * * *
The gnoll hits you from afar with a spear!
* * * LOW HITPOINT WARNING * * *
The gnoll hits you from afar with a spear!
* * * LOW HITPOINT WARNING * * *
The gnoll hits you with a whip.
You die...

####..#...g##.##
#..........#....
#...###....#####
#...#.#.....g)g.
###.###.###.######
#...#.....'.##
#..)###.###..#
#.....#.#....#
#@....###....#####
#gg...............
#.gg..............
#g................
#####........##.......
#........######.......
#.....####### #.......
#.....# #.####.....#
#.....# #..####....#


You could see 5 gnolls.

Vanquished Creatures
  2 centaur zombies (Ossuary)
  2 giant frog zombies (Ossuary)
  A gnoll shaman (D:4)
  Ijyb (D:3)
  2 worker ants (D:4)
  4 hound zombies (Ossuary)
  11 mummies (Ossuary)
  2 howler monkey zombies (Ossuary)
  2 worker ant zombies (Ossuary)
  11 gnolls (D:4)
  2 adders
  An ooze (D:3)
  2 adder zombies (Ossuary)
  A worm (D:3)
  3 dart slugs
  2 orcs
  3 giant cockroaches (D:1)
  12 goblins
  5 hobgoblins (D:1)
  21 jackals
  6 kobolds
  2 quokkas
  3 ball pythons
  2 bats (D:1)
  2 giant cockroach zombies (Ossuary)
  5 giant newts
  A jackal zombie (Ossuary)
  A quokka zombie (Ossuary)
  8 rats
120 creatures vanquished.

Vanquished Creatures (others)
  2 withered plants (Ossuary)
2 creatures vanquished.

Grand Total: 122 creatures vanquished

Notes
Turn   | Place    | Note
-------+----------+-------------------------------------------
     0 | D:1      | mopl the Ogre Gladiator began the quest for the Orb.
     0 | D:1      | Reached XP level 1. HP: 22/22 MP: 1/1
   259 | D:1      | Reached skill level 3 in Fighting
   500 | D:1      | Reached XP level 2. HP: 29/31 MP: 2/2
   904 | D:1      | Reached XP level 3. HP: 30/37 MP: 3/3
   981 | D:1      | Reached skill level 5 in Maces & Flails
  2073 | D:3      | Noticed Ijyb
  2096 | D:3      | Killed Ijyb
  2096 | D:3      | Reached skill level 4 in Fighting
  2096 | D:3      | Reached XP level 4. HP: 42/48 MP: 4/4
  2236 | D:3      | Reached skill level 6 in Maces & Flails
  2414 | D:3      | Gained mutation: You have sharp toenails. [potion of beneficial mutation]
  2453 | D:3      | Found a blossoming altar of Fedhas.
  2466 | D:3      | Noticed an oklob plant
  3057 | D:4      | Reached XP level 5. HP: 41/55 MP: 5/5
  3184 | D:4      | Noticed kosy22's ghost (amateur NaTm)
  3277 | D:4      | Found a sand-covered staircase.
  3285 | Ossuary  | Entered an ossuary
  3314 | Ossuary  | Reached skill level 7 in Maces & Flails
  3341 | Ossuary  | Reached XP level 6. HP: 62/65 MP: 6/6
  3345 | Ossuary  | Reached skill level 5 in Fighting
  3489 | Ossuary  | Reached skill level 8 in Maces & Flails
  3613 | Ossuary  | Reached XP level 7. HP: 61/74 MP: 7/7
  3725 | Ossuary  | Reached skill level 6 in Fighting
  3725 | Ossuary  | Reached skill level 9 in Maces & Flails
  4350 | D:5      | Entered Level 5 of the Dungeon
  4356 | D:5      | Found a shimmering altar of Xom.
  4413 | D:5      | Noticed a hungry ghost
  4416 | D:5      | Found a shattered altar of Ashenzari.
  4418 | D:5      | Noticed Eustachio
  4576 | D:4      | Found a glowing golden altar of the Shining One.
  5255 | D:4      | Slain by a gnoll

Vault maps used:
D:1:      onia_arrival_pyramid
D:3:      kennysheep_the_goblin_king, tgw_fedhas
D:4:      lemuel_castle_with_subvaults, nicolae_tso_swordbearing_angel,
          nicolae_ossuary_entry_plus, first_bread, roderic_roman_lattice
D:5:      lemuel_crystal_altar, evilmike_ruin_ashenzari, minivault_23,
          zaba_anthole, kennysheep_generic_room_15, uniq_eustachio
Ossuary:  ossuary_zaba_flooded

Skill      XL: |  1  2  3  4  5  6  7 |
---------------+----------------------+-----
Fighting       | 3 4 5 6 |  6.5
Maces & Flails | 5 6 7 8 9 |  9.8
Throwing       | |  2.0
Dodging        | |  2.6

Action                   |  1- 3 |  4- 6 |  7- 9 || total
-------------------------+-------+-------+-------++-------
Melee: Flail             |   147 |   174 |   179 ||   500
       Kick              |       |    48 |    60 ||   108
Throw: Throwing net      |     1 |     2 |     1 ||     4
  Use: Scroll            |     5 |     2 |     2 ||     9
       Potion            |       |     1 |       ||     1
 Stab: Held in net/web   |       |     1 |       ||     1
  Eat: Chunk             |     4 |     3 |     6 ||    13
       Beef jerky        |       |     1 |       ||     1
Armor: Robe              |    45 |    34 |    25 ||   104
Dodge: Dodged            |    79 |    66 |    93 ||   238
